 Dungeon Crawl Stone Soup version 0.28.0-47-ge53b351184 (webtiles) character file.

Game seed: 469758903246550701

95 GigaChad the Covered (level 4, -1/38 HPs)
             Began as a Barachi Fighter on Apr 28, 2022.
             Was an Initiate of Yredelemnul.
             Slain by an adder (4 damage)
             ... on level 4 of the Dungeon.
             The game lasted 00:09:13 (2123 turns).

GigaChad the Covered (Barachi Fighter)              Turns: 2123, Time: 00:09:13

Health: -1/38      AC: 12    Str: 18    XL:     4   Next: 65%
Magic:  4/4        EV:  5    Int:  8    God:    Yredelemnul [......]
Gold:   145        SH:  5    Dex: 13    Spells: 1/3 levels left

rFire   . . .      SeeInvis .   a - +0 long sword
rCold   . . .      Faith    .   c - +0 buckler
rNeg    . . .      Spirit   .   h - +0 plate armour
rPois   .          Reflect  .   (no helmet)
rElec   .          Harm     .   (no cloak)
rCorr   .          Rampage  .   (no gloves)
Will    .....                   (no boots)
Stlth   ..........              (no amulet)
HPRegen 0.12/turn               (no ring)
MPRegen 0.09/turn               (no ring)

@: slow
A: amphibious, slowness 1, strong legs 1, +LOS
a: Hop, Renounce Religion, Recall Undead Harvest


You were on level 4 of the Dungeon.
You worshipped Yredelemnul.
Yredelemnul was noncommittal.
You visited 1 branch of the dungeon, and saw 4 of its levels.

You collected 145 gold pieces.

Inventory:

Hand Weapons
 a - a +0 long sword (weapon)
Missiles
 g - 48 arrows
Armour
 b - a +0 scale mail
 c - a +0 buckler (worn)
 h - a +0 plate armour (worn)
Jewellery
 l - a ring of ice
Scrolls
 f - a scroll of identify {unknown}
 j - a scroll of acquirement {unknown}
 m - a scroll of magic mapping {unknown}
Potions
 d - a potion of might
 e - a potion of flight {unknown}
 i - a potion of haste {unknown}
 k - a potion of magic {unknown}


   Skills:
 + Level 4.3 Fighting
 + Level 3.1 Long Blades
 + Level 5.0 Armour
 + Level 0.2 Dodging
 + Level 0.1 Stealth
 + Level 3.7 Shields


You had one spell level left.
You knew the following spells:

 Your Spells              Type           Power      Damage    Failure   Level
a - Wereblood             Tmut           0%         N/A       100%        2

Your spell library contained the following spells:

 Spells                   Type           Power      Damage    Failure   Level
 Freeze                   Ice            0%         1d3       100%        1
 Sting                    Tmut/Pois      0%         1d3       100%        1
 Poisonous Vapours        Pois/Air       0%         N/A       100%        2
 Sublimation of Blood     Necr           0%         N/A       100%        2
 Olgreb's Toxic Radiance  Pois           0%         N/A       100%        4
 Summon Hydra             Summ           0%         N/A       100%        7


Dungeon Overview and Level Annotations

Branches:
Dungeon (4/15)
 Temple: D:4-7

Altars:
Gozag
Yredelemnul

Shops:
D:2 [


Innate Abilities, Weirdness & Mutations

You are amphibious.
You cover ground slowly.
You can hop short distances.
You have an extended range of vision and can be seen from far away.


Message History

The adder bites your spectral jelly but does no damage.
Your spectral jelly closely misses the adder.
You see here 16 stones.
The adder bites your spectral jelly.
Your spectral jelly barely misses the adder.
The adder bites your spectral jelly.
You are no longer corroded.
The adder completely misses your spectral jelly.
Your spectral jelly completely misses the adder.
You see here 16 stones.
The adder bites your spectral jelly.
Your spectral jelly barely misses the adder.
The adder bites your spectral jelly but does no damage.
Your spectral jelly misses the adder.
The adder bites your spectral jelly.
You swap places.
The adder completely misses you. The adder bites you but does no damage.
You barely miss the adder.
The adder is lightly wounded.
The adder bites you but does no damage.
You closely miss the adder.
The adder is lightly wounded.
The adder bites you.
* * * LOW HITPOINT WARNING * * *
The adder barely misses you.
You miss the adder.
The adder is lightly wounded.
The adder bites you.
* * * LOW HITPOINT WARNING * * *
You block the adder's attack.
You closely miss the adder.
The adder is lightly wounded.
The adder bites you but does no damage.
You hit the adder but do no damage.
The adder is lightly wounded.
The adder closely misses you. The adder barely misses you.
You miss the adder.
The adder is lightly wounded.
You block the adder's attack. The adder bites you.
You die...
Your body rises from the dead as a mindless zombie.

#### #..
########## #.#
.........#
########.#
#.....###...S@Z.(#
#.........######.#
#.....##### #.#
#....<# #..
.........# ####
.###.#.#.# #.#.#.#
. ..... .###.#..


You could see an adder (ally target) and a friendly spectral jelly.

Vanquished Creatures
  A jelly (D:4)
  A gnoll (D:1)
  An adder (D:2)
  An adder skeleton (D:4)
  2 orcs (D:3)
  A ball python (D:2)
  3 endoplasms
  A giant cockroach (D:1)
  4 goblins
  A hobgoblin (D:2)
  3 quokkas
  A bat (D:2)
  3 frilled lizards
  2 kobolds
  4 rats
29 creatures vanquished.

Vanquished Creatures (collateral kills)
  A dart slug (D:2)
  An orc (D:3)
  2 ball pythons
  A giant cockroach (D:3)
  2 kobolds
  A frilled lizard (D:1)
  A rat (D:1)
9 creatures vanquished.

Vanquished Creatures (others)
  A ball python zombie (D:1)
  A quokka zombie (D:3)
  2 fungi (D:1)
4 creatures vanquished.

Grand Total: 42 creatures vanquished

Notes
Turn   | Place    | Note
-------+----------+-------------------------------------------
     0 | D:1      | GigaChad the Barachi Fighter began the quest for the Orb.
     0 | D:1      | Reached XP level 1. HP: 18/18 MP: 1/1
   119 | D:1      | Reached skill level 4 in Armour
   119 | D:1      | Reached XP level 2. HP: 10/25 MP: 2/2
   327 | D:1      | Found a faded altar of an unknown god.
   338 | D:1      | Got Plato's Handbook of Ice
   339 | D:1      | Prayed at the altar of an unknown god.
   339 | D:1      | Became a worshipper of Yredelemnul the Dark
   339 | D:1      | Reached * piety under Yredelemnul
   856 | D:2      | Found Latostra's Armour Boutique.
   930 | D:2      | Reached XP level 3. HP: 29/30 MP: 3/3
  1340 | D:2      | Learned a level 2 spell: Wereblood
  1709 | D:3      | Reached XP level 4. HP: 37/37 MP: 4/4
  2003 | D:3      | Found a faded altar of an unknown god.
  2013 | D:3      | Found an opulent altar of Gozag.
  2080 | D:4      | Reached skill level 5 in Armour
  2123 | D:4      | Slain by an adder

Illustrated notes

Levels and vault maps discovered:
D:1:      wheals_arrival_linesprint, layout_basic,
          shapermc_ecumenical_altar_rom_forum, chequers_serial_rivers_large_b
D:2:      layout_basic, serial_shops, nicolae_shop_advertising_works
          [nicolae_subvault_shop_adworks]
D:3:      layout_basic, nicolae_overflow_ecumenical_swirl, st_stairs_7
D:4:      layout_loops_ring, nicolae_ossuary_entry_giza, minmay_cut_off

Skill      XL: |  1  2  3  4 |
---------------+-------------+-----
Armour         | 4 5 |  5.0
Fighting       | 4 |  4.3
Long Blades    | 3 |  3.1
Dodging        | |  0.2
Stealth        | |  0.1
Shields        | |  3.7

Action                   |  1- 3 |  4- 6 || total
-------------------------+-------+-------++-------
Melee: Long sword        |    74 |    21 ||    95
Invok: Recall Undead Har |     1 |     1 ||     2
Armor: Scale mail        |    46 |       ||    46
       Plate armour      |    28 |     7 ||    35
Dodge: Dodged            |    42 |     8 ||    50
Block: Buckler           |    24 |     4 ||    28
